 Dungeon Crawl Stone Soup version 0.30-a0-1112-gfb780f5df6 (webtiles) character file.

Game seed: 4417582231461647255

61964 IdlyInterested the Slicer (level 14, -2/118 HPs)
             Began as a Demonspawn Gladiator on Apr 19, 2023.
             Was an Elder of Makhleb.
             Constricted to death by a starspawn tentacle (3 damage)
             ... attached to a tentacled starspawn
             ... on level 2 of the Abyss.
             The game lasted 01:26:40 (18151 turns).

IdlyInterested the Slicer (Demonspawn Gladiator)   Turns: 18151, Time: 01:26:40

Health: -2/118     AC: 15    Str: 20    XL:     14   Next: 62%
Magic:  22/22      EV: 18    Int:  9    God:    Makhleb [****..]
Gold:   908        SH:  0    Dex: 17    Spells: 13/24 levels left

rFire   . . .      SeeInvis .    D - +2 rapier (protect)
rCold   . . .      Faith    .    (no shield)
rNeg    . . .      Spirit   .    o - +0 acid dragon scales
rPois   +          Reflect  .    Q - +1 hat
rElec   .          Rampage  .    T - +2 cloak {rPois}
rCorr   +                        (no gloves)
Will    +++..                    (boots unavailable)
Stlth   +                        P - amulet of regeneration
HPRegen 0.00/turn                V - +5 ring of evasion
MPRegen 0.36/turn                A - +4 ring of protection

@: confused, ambrosia-drunk, sick, constricted
A: hooves 3, horns 2, magic regeneration, demonic magic 1, demonic touch 2,
strong-willed 2, sense surroundings 1, strong 1
a: Renounce Religion, Minor Destruction, Lesser Servant of Makhleb, Major
Destruction


You were on level 2 of the Abyss.
You worshipped Makhleb.
Makhleb was greatly pleased with you.
You visited 2 branches of the dungeon, and saw 16 of its levels.
You visited the Abyss 2 times.
You also visited: Sewer and Ossuary.

You collected 908 gold pieces.

Inventory:

Hand Weapons
 D - a +2 rapier of protection (weapon)
 S - a +3 short sword of draining
Missiles
 d - 4 throwing nets
 e - 5 atropa-tipped darts
 i - 57 stones
 n - 6 silver javelins
 p - 34 poisoned darts (quivered)
 t - 3 silver boomerangs
 v - a javelin
 X - 6 curare-tipped darts
Armour
 o - +0 acid dragon scales (worn)
 E - a +0 ring mail of fire resistance
 N - a +1 robe of positive energy
 Q - a +1 hat (worn)
 T - a +2 cloak of poison resistance (worn)
Jewellery
 a - a +6 ring of intelligence
 l - a ring of see invisible
 m - a ring of protection from cold
 y - a +6 ring of strength
 z - a ring of flight
 A - a +4 ring of protection (right hand)
 F - a ring of wizardry
 P - an amulet of regeneration (around neck)
 V - a +5 ring of evasion (left hand)
 Z - a ring of ice
Wands
 q - a wand of digging (4)
 H - a wand of polymorph (19)
 I - a wand of flame (3)
 J - a wand of iceblast (24)
 O - a wand of light (5)
 U - a wand of charming (16)
Scrolls
 c - 9 scrolls of teleportation
 f - 4 scrolls of amnesia
 h - 5 scrolls of magic mapping
 k - 5 scrolls of blinking
 B - a scroll of enchant weapon
 C - a scroll of fog
 G - 2 scrolls of fear
 R - 3 scrolls of vulnerability
Potions
 b - 4 potions of brilliance
 g - 2 potions of curing
 j - a potion of cancellation
 r - 4 potions of mutation
 s - a potion of flight
 u - a potion of lignification {unknown}
 w - 4 potions of haste
 x - 4 potions of ambrosia
Miscellaneous
 L - a box of beasts
 M - a phial of floods


   Skills:
 + Level 13.6 Fighting
 - Level 13.8(14.0) Short Blades
 - Level 2.6(9.4) Long Blades
 - Level 2.0 Throwing
 - Level 6.0 Armour
 - Level 8.0 Dodging
 - Level 1.0 Stealth
 + Level 5.5 Spellcasting
 * Level 9.9 Summonings
 - Level 8.0 Invocations
 - Level 2.0 Evocations


You had 13 spell levels left.
You knew the following spells:

 Your Spells              Type           Power      Damage    Failure   Level
a - Summon Small Mammal   Summ           80%        N/A       1%          1
b - Call Canine Familiar  Summ           20%        N/A       1%          3
c - Summon Guardian Gole  Hex/Summ       11%        N/A       12%         3
d - Summon Ice Beast      Ice/Summ       11%        N/A       36%         4

Your spell library contained the following spells:

 Spells                   Type           Power      Damage    Failure   Level
 Apportation              Tloc           4%         N/A       30%         1
 Necrotise                Necr           8%         1d4       30%         1
 Cigotuvi's Dreadful Rot  Necr/Pois/Air  4%         N/A       41%         2
 Frozen Ramparts          Ice            4%         1d1       65%         3
 Ignite Poison            Fire/Tmut/Pois 2%         N/A       65%         3
 Inner Flame              Hex/Fire       2%         N/A       65%         3
 Vampiric Draining        Necr           2%         2d6       65%         3
 Animate Dead             Necr           2%         N/A       96%         4
 Ice Form                 Ice/Tmut       2%         N/A       96%         4
 Agony                    Necr           2%         N/A       100%        5
 Borgnjor's Vile Clutch   Necr/Erth      1%         N/A       100%        5
 Freezing Cloud           Conj/Ice/Air   1%         6-21      100%        5
 Yara's Violent Unravell  Hex/Tmut       1%         3d3       100%        5
 Death Channel            Necr           1%         N/A       100%        6
 Enfeeble                 Hex            1%         N/A       100%        7


Dungeon Overview and Level Annotations

Branches:
Dungeon (15/15)            Temple (1/1) D:5            Lair (0/5) D:8
    Orc (0/2) D:10         Vaults (0/5) D:14          Sewer (visited)
Ossuary (visited)
 Depths: D:15

Altars:
Ashenzari
Cheibriados
Dithmenos
Fedhas
Gozag
Hepliaklqana
Kikubaaqudgha
Makhleb
Nemelex Xobeh
Okawaru
Qazlal
Ru
Sif Muna
Trog
Uskayaw
Vehumet
Wu Jian
Xom
Yredelemnul

Shops:
D:5 :   D:7 [   D:8 !


Innate Abilities, Weirdness & Mutations

You have hooves in place of feet.
You have a pair of horns on your head.
You regenerate magic rapidly.
Spells you cast may paralyse adjacent enemies.
Your touch may inflict irresistible damage on your foes.
You are highly strong-willed. (Will++)
You passively map a small area around you.
Your muscles are strong. (Str +4, Int/Dex -1)


Message History

[Y]es or [N]o only, please.
Are you sure you want to stumble around while confused and next to your bat? [Y]es or [N]o only, please.
Are you sure you want to stumble around while confused and next to your bat?
Okay, then.
Your hound barely misses the starspawn tentacle.
The tentacled starspawn bites you!
* * * LOW HITPOINT WARNING * * *
The tentacled starspawn tentacle-slaps you but does no damage.
The starspawn tentacle misses you.
Your hound completely misses the starspawn tentacle.
Your bat hits the tentacled starspawn.
Your bat hits the tentacled starspawn but does no damage.
Your hound bites the starspawn tentacle.
The tentacled starspawn completely misses you.
The tentacled starspawn misses you. The starspawn tentacle grabs you.
The starspawn tentacle constricts you.
Your hound bites the starspawn tentacle.
The tentacled starspawn bites you.
* * * LOW HITPOINT WARNING * * *
The tentacled starspawn tentacle-slaps you but does no damage.
The starspawn tentacle constricts you.
The starspawn tentacle closely misses your hound.
Your hound bites the starspawn tentacle.
A large abomination comes into view.
Your bat hits the tentacled starspawn but does no damage.
Your hound bites the starspawn tentacle but does no damage.
The tentacled starspawn barely misses you.
The tentacled starspawn closely misses you.
The starspawn tentacle constricts you.
* * * LOW HITPOINT WARNING * * *
The starspawn tentacle grabs your hound.
The starspawn tentacle constricts your hound.
Your bat hits the tentacled starspawn but does no damage.
Your hound bites the starspawn tentacle but does no damage.
The tentacled starspawn bites you but does no damage.
The tentacled starspawn tentacle-slaps you!
* * * LOW HITPOINT WARNING * * *
The starspawn tentacle constricts you.
You die...

.# .. .##.
##### .. ..
...## ##...
#b.h# #
##..###@Xw#####
........w.....#
..#...#...._.##
#.#
........##....#
...##.#..#..###
. .# †.##..
.#.# #. ## #X.
.#.# ..#
#.##..#. ## .#
... # .


You could see a tentacled starspawn (ally target), a large abomination, 2
starspawn tentacles, a friendly hound (summoned) and a friendly bat (summoned).

Vanquished Creatures
  A bone dragon (Abyss:2)
  Kirke (D:13)
  2 tentacled starspawn (Abyss:2)
  Snorg (D:12)
  Josephine (D:10)
  4 vault guards (D:14)
  4 hydras
  An ogre mage (D:15)
  3 boulder beetles
  A death knight (D:14)
  7 two-headed ogres
  A dancing weapon (D:7)
  3 centaur warriors
  A tengu warrior (D:13)
  3 death yaks (D:8)
  A hell knight (Abyss:2)
  4 thrashing horrors (Abyss:2)
  Urug (D:10)
  A wretched star (Abyss:2)
  The ghost of patfeehan111222 the Cleaver, a novice DsBe of Trog (D:7)
  Pikel (D:7)
  2 starcursed masses (Abyss:2)
  3 deep elf pyromancers
  2 wizards (D:14)
  4 cyclopes
  11 ugly things
  3 manticores
  Maurice (D:8)
  A smoke demon (Abyss:2)
  An unseen horror (D:12)
  2 gargoyles
  A rime drake (shapeshifter) (D:14)
  A kobold demonologist (D:12)
  2 freezing wraiths
  4 ancient zymes (Abyss:2)
  A queen bee (D:13)
  A tengu conjurer (D:15)
  9 meliai
  A troll (D:9)
  Prince Ribbit (D:8)
  A raiju (Abyss:2)
  5 large abominations (Abyss:2)
  3 slime creatures (D:14)
  A ynoxinul (Abyss:2)
  2 shadows (Abyss:2)
  A culicivora (shapeshifter) (D:14)
  3 water elementals
  11 yaks
  3 golden eyes (Abyss:2)
  A chaos spawn (Abyss:2)
  3 small abominations (Abyss:2)
  7 wraiths
  2 basilisks
  2 wyverns (D:9)
  Eustachio (D:4)
  6 fire bats (Abyss:2)
  2 steam dragons (D:9)
  A neqoxec (Abyss:2)
  4 vampire mosquitoes (D:13)
  5 hogs (D:13)
  4 acid dragons
  2 water moccasins
  An ice beast (D:6)
  Pargi (D:4)
  3 orc warriors
  A sky beast (D:5)
  23 centaurs
  4 ogres
  4 phantoms
  4 kobold brigands
  An elf zombie (Ossuary)
  5 scorpions
  2 bullfrogs
  A gnoll sergeant (D:10)
  A wyvern zombie (D:7)
  12 wights
  26 killer bees
  6 howler monkeys
  4 electric eels
  A quasit (Abyss:2)
  5 jellies
  3 bullfrog zombies (D:7)
  3 centaur zombies (D:7)
  A gnoll bouda (D:8)
  7 orc priests
  3 hounds
  2 sleepcaps (D:7)
  Natasha (thrice) (D:3)
  5 orc wizards
  5 iguanas
  4 killer bee zombies (D:7)
  3 mummies (Ossuary)
  A howler monkey zombie (D:7)
  9 gnolls
  5 river rats
  10 adders
  2 shadow imps (D:5)
  3 white imps (D:5)
  3 ufetubi
  3 worms
  4 dart slugs
  36 orcs
  3 bats
  5 endoplasms
  7 giant cockroaches
  7 goblins
  7 hobgoblins
  7 jackals
  17 kobolds
  4 quokkas
  14 ball pythons
  5 frilled lizards
  2 goblin zombies
  2 hobgoblin zombies (Ossuary)
  2 kobold zombies (Ossuary)
  9 rats
  A rat zombie (D:4)
476 creatures vanquished.

Vanquished Creatures (collateral kills)
  A tentacled starspawn (Abyss:2)
  A cyclops (D:15)
2 creatures vanquished.

Vanquished Creatures (others)
  A centaur warrior (D:14)
  A human (D:13)
  A centaur (D:14)
  50 plants
  14 starspawn tentacles (Abyss:2)
  2 withered plants (D:7)
69 creatures vanquished.

Grand Total: 547 creatures vanquished

Notes
Turn   | Place    | Note
-------+----------+-------------------------------------------
     0 | D:1      | IdlyInterested the Demonspawn Gladiator began the quest for
                  | the Orb.
     0 | D:1      | Reached XP level 1. HP: 16/16 MP: 1/1
   154 | D:1      | Discovered your monstrous ancestry.
   154 | D:1      | Gained mutation: Your touch may inflict minor irresistible
                  | damage on your foes. [demonic ancestry]
   154 | D:1      | Reached XP level 2. HP: 14/23 MP: 2/2
   470 | D:1      | Gained mutation: You have a pair of small horns on your
                  | head. [demonic ancestry]
   470 | D:1      | Reached XP level 3. HP: 27/28 MP: 3/3
   917 | D:2      | Reached skill level 1 in Armour
  1572 | D:3      | Reached skill level 1 in Short Blades
  1572 | D:3      | Gained mutation: You have large cloven feet. [demonic
                  | ancestry]
  1572 | D:3      | Reached XP level 4. HP: 33/35 MP: 4/4
  1585 | D:3      | Reached skill level 1 in Stealth
  1650 | D:3      | Found a glowing drain.
  1666 | Sewer    | Entered a sewer
  1895 | Sewer    | Reached skill level 1 in Evocations
  2014 | Sewer    | Noticed a kobold brigand
  2024 | Sewer    | Killed a kobold brigand
  2025 | Sewer    | Gained mutation: You have hoof-like feet. [demonic
                  | ancestry]
  2025 | Sewer    | Reached XP level 5. HP: 21/41 MP: 5/5
  2555 | Sewer    | Reached XP level 6. HP: 31/48 MP: 6/6
  3041 | D:3      | Noticed Natasha
  3053 | D:3      | Killed Natasha
  3258 | D:3      | Noticed Natasha
  3263 | D:3      | Killed Natasha
  3463 | D:3      | Noticed Natasha
  3467 | D:3      | Killed Natasha
  3741 | D:4      | Gained mutation: You have hooves in place of feet. [demonic
                  | ancestry]
  3741 | D:4      | Reached XP level 7. HP: 47/54 MP: 7/7
  3779 | D:4      | Noticed Eustachio
  3780 | D:4      | Found a sand-covered staircase.
  3788 | Ossuary  | Entered an ossuary
  3788 | Ossuary  | Noticed a wraith
  3788 | Ossuary  | Noticed a wraith
  3788 | Ossuary  | Noticed a wraith
  3872 | Ossuary  | Noticed a wraith
  3876 | Ossuary  | Killed a wraith
  4263 | D:4      | Killed Eustachio
  4268 | D:4      | Reached skill level 5 in Fighting
  4268 | D:4      | Reached skill level 5 in Short Blades
  4268 | D:4      | Gained mutation: You regenerate magic rapidly. [demonic
                  | ancestry]
  4268 | D:4      | Reached XP level 8. HP: 7/62 MP: 6/8
  4271 | D:4      | HP: 3/62 [poisoned by Eustachio]
  4273 | D:4      | HP: 1/62 [poisoned by Eustachio]
  4574 | D:4      | Noticed Pargi
  4582 | D:4      | Killed Pargi
  4854 | D:5      | Entered Level 5 of the Dungeon
  4905 | D:5      | Reached skill level 1 in Spellcasting
  5044 | D:5      | Found Puiqiuso's Book Shoppe.
  5133 | D:5      | Found an ancient bone altar of Kikubaaqudgha.
  5612 | D:5      | Found a staircase to the Ecumenical Temple.
  5674 | Temple   | Entered the Ecumenical Temple
  6138 | D:5      | Reached XP level 9. HP: 65/69 MP: 11/13
  7478 | D:7      | Reached skill level 5 in Dodging
  7708 | D:7      | Noticed Pikel
  7724 | D:7      | Killed Pikel
  7725 | D:7      | Reached XP level 10. HP: 64/79 MP: 14/14
  7860 | D:7      | Found a runed translucent door.
  7860 | D:7      | Found a shimmering altar of Xom.
  7860 | D:7      | Noticed patfeehan111222's ghost (novice DsBe)
  7860 | D:7      | Noticed a +1 spear of chaos
  7914 | D:7      | Found Beowulf's Dragon-Slaying Spoils.
  8309 | D:7      | Killed a +1 spear of chaos
  8314 | D:7      | Killed patfeehan111222's ghost
  8521 | D:8      | Noticed a death yak
  8521 | D:8      | Found a broken altar of Ashenzari.
  8521 | D:8      | Found a staircase to the Lair.
  8522 | D:8      | Noticed a death yak
  8523 | D:8      | Noticed a death yak
  8571 | D:8      | Found a shadowy altar of Dithmenos.
  8692 | D:8      | Noticed Prince Ribbit
  8699 | D:8      | Killed Prince Ribbit
  8754 | D:8      | Killed a death yak
  8755 | D:8      | Reached skill level 10 in Short Blades
  8770 | D:8      | Killed a death yak
  8781 | D:8      | Killed a death yak
  8787 | D:8      | Reached XP level 11. HP: 46/87 MP: 8/15
  8947 | D:8      | Noticed Maurice
  8969 | D:8      | Killed Maurice
  9295 | D:8      | Found Noariyru's Distillery.
  9871 | D:9      | Found a sparkling altar of Nemelex Xobeh.
  9871 | D:9      | Found a sacrificial altar of Ru.
  9872 | D:9      | Found a basalt altar of Yredelemnul.
 10295 | D:9      | Found an opulent altar of Gozag.
 10297 | D:9      | Found a stormy altar of Qazlal.
 10528 | D:9      | Identified the +3 spear "Oclileon" {flame, rN+}
 10638 | D:10     | Entered Level 10 of the Dungeon
 10908 | D:10     | Noticed Josephine
 10924 | D:10     | Killed Josephine
 11153 | D:10     | Identified the +8 trident of True Grit {freeze, Will++
                  | Stlth+}
 11586 | D:10     | Found a staircase to the Orcish Mines.
 11912 | D:10     | Found a hide-covered altar of Uskayaw.
 11930 | D:10     | Noticed Urug
 11947 | D:10     | Killed Urug
 12268 | D:10     | Found a burning altar of Makhleb.
 12427 | D:10     | Gained mutation: You passively map a small area around you.
                  | [potion of mutation]
 12427 | D:10     | Gained mutation: Your muscles are strong. (Str +4, Int/Dex
                  | -1) [potion of mutation]
 12427 | D:10     | Gained mutation: You have hidden genetic potential. [potion
                  | of mutation]
 12520 | D:11     | Noticed a boulder beetle
 12537 | D:11     | Killed a boulder beetle
 12538 | D:11     | Reached skill level 10 in Fighting
 12693 | D:11     | Noticed a two-headed ogre
 12700 | D:11     | Killed a two-headed ogre
 12701 | D:11     | Gained mutation: Spells you cast may paralyse adjacent
                  | enemies. [demonic ancestry]
 12701 | D:11     | Reached XP level 12. HP: 84/97 MP: 16/16
 12867 | D:11     | Noticed a two-headed ogre
 12879 | D:11     | Killed a two-headed ogre
 13443 | D:10     | Became a worshipper of Makhleb the Destroyer
 13599 | D:12     | Noticed a boulder beetle
 13644 | D:12     | Killed a boulder beetle
 13645 | D:12     | Reached skill level 5 in Armour
 13875 | D:12     | Noticed Snorg
 13891 | D:12     | Killed Snorg
 14724 | D:13     | Reached * piety under Makhleb
 14758 | D:13     | HP: 5/100 [killer bee (3)]
 14776 | D:13     | Gained mutation: You are strong-willed. (Will+) [hidden
                  | potential]
 14803 | D:13     | Noticed a tengu warrior
 14821 | D:13     | Killed a tengu warrior
 14881 | D:13     | Noticed a two-headed ogre
 14882 | D:13     | Noticed a centaur warrior
 14888 | D:13     | Killed a centaur warrior
 14889 | D:13     | Reached skill level 1 in Invocations
 14899 | D:13     | Killed a two-headed ogre
 14899 | D:13     | Reached ** piety under Makhleb
 14920 | D:13     | Noticed a centaur warrior
 14927 | D:13     | Killed a centaur warrior
 15314 | D:13     | Noticed Kirke
 15330 | D:13     | Gained mutation: You have a pair of horns on your head.
                  | [demonic ancestry]
 15330 | D:13     | Reached XP level 13. HP: 105/106 MP: 17/17
 15346 | D:13     | Killed Kirke
 15811 | D:13     | Learned a level 1 spell: Summon Small Mammal
 15815 | D:13     | Learned a level 3 spell: Call Canine Familiar
 15819 | D:13     | Learned a level 3 spell: Summon Guardian Golem
 15824 | D:13     | Learned a level 4 spell: Summon Ice Beast
 15892 | D:14     | Reached skill level 5 in Invocations
 15897 | D:14     | Reached skill level 1 in Summonings
 16158 | D:14     | Reached *** piety under Makhleb
 16220 | Abyss:2  | Cast into level 2 of the Abyss (a wizard)
 16252 | Abyss:2  | Noticed a starcursed mass
 16501 | Abyss:2  | Noticed a bone dragon
 16534 | Abyss:2  | Killed a bone dragon
 16535 | Abyss:2  | Reached skill level 5 in Summonings
 16585 | D:14     | Escaped the Abyss
 16707 | D:14     | Found a gate to the Vaults.
 16796 | D:14     | Reached **** piety under Makhleb
 17042 | D:14     | Gained mutation: Your touch may inflict irresistible damage
                  | on your foes. [demonic ancestry]
 17042 | D:14     | Reached XP level 14. HP: 116/116 MP: 20/20
 17555 | D:15     | Entered Level 15 of the Dungeon
 17758 | Abyss:2  | Cast into level 2 of the Abyss (a wizard)
 17770 | Abyss:2  | Gained mutation: You are highly strong-willed. (Will++)
                  | [hidden potential]
 17770 | Abyss:2  | Lost mutation: You have hidden genetic potential. [hidden
                  | potential expressed]
 17817 | Abyss:2  | Noticed a tentacled starspawn
 17829 | Abyss:2  | Killed a tentacled starspawn
 17940 | Abyss:2  | Reached skill level 5 in Spellcasting
 18016 | Abyss:2  | Found a corrupted altar of Lugonu.
 18016 | Abyss:2  | Found a corrupted altar of Lugonu.
 18016 | Abyss:2  | Found a corrupted altar of Lugonu.
 18017 | Abyss:2  | Noticed a tentacled starspawn
 18031 | Abyss:2  | Noticed a tentacled starspawn
 18050 | Abyss:2  | Killed a tentacled starspawn
 18084 | Abyss:2  | Killed a tentacled starspawn
 18134 | Abyss:2  | Noticed a tentacled starspawn
 18147 | Abyss:2  | HP: 2/118 [tentacled starspawn (16)]
 18151 | Abyss:2  | Constricted to death by a starspawn tentacle

Illustrated notes

Levels and vault maps discovered:
D:1:      nicolae_arrival_memento_mori, layout_basic
D:2:      layout_loops_ring, basic_altar, hangedman_abyss_or_decor_stabs
D:3:      layout_rooms, gup_sewer_entry_bubbles, minmay_unequal, uniq_natasha
D:4:      layout_loops_cross, enter_ossuary_4, uniq_eustachio, uniq_pargi
D:5:      wad_river_or_something, layout_loops_ring,
          mainiacjoe_overflow_alcove_4, minmay_temple_entry_junction,
          serial_shops, nicolae_book_shop_shelving
D:6:      layout_loops_ring, nicolae_sextant
D:7:      layout_cave_pools, ebering_ghost_xom, serial_undead, serial_undead_d,
          serial_undead_e, serial_undead_e, serial_undead_f, serial_undead_d,
          serial_undead_f, nicolae_shop_dragon_depot, uniq_pikel
D:8:      layout_gridville, lemuel_crystal_altar, ashenzari_altar_1,
          dpeg_lair_monsters, serial_shops, nicolae_shop_peninsula,
          uniq_prince_ribbit1, uniq_maurice
D:9:      layout_long_grid, gammafunk_temple_overflow_claw, elyvilon_altar_5,
          nicolae_overflow_hidden_temple
D:10:     layout_layer_cave, lemuel_round_altar, lemuel_round_altar,
          david_orc_3, st_stairs_10, uniq_josephine, uniq_urug
D:11:     layout_loops_ring
D:12:     layout_basic, uniq_snorg
D:13:     layout_basic, special_room [special_room_bee], uniq_kirke
D:14:     layout_long_grid, lightli_vaults_fourway_checkpoint,
          serial_bayou_lagoon_a
D:15:     hangedman_depths_entry_civil_slaughter, layout_small_grid,
          nicolae_concentric_dashed_squares_wild
Temple:   nicolae_temple_bog_church
Abyss:2:  base: D:1, base: D:1, hangedman_abyss_feature_spike,
          spicy_abyss_rude_harpoons

Skill      XL: |  1  2  3  4  5  6  7  8  9 10 11 12 13 14 |
---------------+-------------------------------------------+-----
Dodging        | 3 4 5 7 8 |  8.0
Throwing       | 2 |  2.0
Fighting       | 3 4 5 6 7 8 10 11 12 13 | 13.6
Armour         | 1 3 4 6 |  6.0
Short Blades   | 1 2 3 5 6 8 10 12 13 | 13.8
Stealth        | 1 |  1.0
Evocations     | 1 2 |  2.0
Spellcasting   | 3 5 |  5.5
Invocations    | 3 8 |  8.0
Summonings     | 7 9 |  9.9
Long Blades    | |  2.6

Action                     |  1- 3 |  4- 6 |  7- 9 | 10-12 | 13-15 || total
---------------------------+-------+-------+-------+-------+-------++-------
  Melee: Long sword        |    82 |   309 |    44 |       |       ||   435
         Touch             |     3 |    71 |    50 |   135 |   133 ||   392
         Headbutt          |     2 |    78 |    68 |   172 |   168 ||   488
         Kick              |       |   127 |   108 |   261 |   248 ||   744
         Punch             |       |     9 |     6 |     6 |    13 ||    34
         Rapier            |       |       |   245 |   650 |   561 ||  1456
  Throw: Dart              |       |     1 |    19 |    63 |    15 ||    98
         Stone             |       |       |    15 |    12 |     5 ||    32
         Javelin           |       |       |       |     5 |     2 ||     7
         Throwing net      |       |       |       |     1 |       ||     1
   Cast: Call Canine Famil |       |       |       |       |     8 ||     8
         Summon Small Mamm |       |       |       |       |    10 ||    10
         Summon Guardian G |       |       |       |       |     1 ||     1
 Invoke: Lesser Servant of |       |       |       |       |     1 ||     1
  Evoke: Wand              |       |       |       |     8 |     2 ||    10
         Box of beasts     |       |       |       |     1 |     1 ||     2
         Phial of floods   |       |       |       |       |     1 ||     1
    Use: Scroll            |       |     4 |     6 |    18 |     1 ||    29
         Potion            |       |       |       |    11 |     4 ||    15
   Stab: Sleeping          |     2 |       |       |       |       ||     2
         Distracted        |       |       |       |     1 |     2 ||     3
         Invisible         |       |       |       |     4 |       ||     4
         Held in net/web   |       |       |       |     1 |       ||     1
         Paralysed         |       |       |       |       |    10 ||    10
 Armour: Leather armour    |    17 |       |       |       |       ||    17
         Ring mail         |     7 |    25 |       |       |       ||    32
         Scale mail        |       |    18 |    57 |       |       ||    75
         Chain mail        |       |       |    57 |    69 |       ||   126
         Steam dragon scal |       |       |       |   117 |       ||   117
         Acid dragon scale |       |       |       |    49 |   159 ||   208
  Dodge: Dodged            |    45 |    86 |   145 |   566 |   448 ||  1290

Table legend: (Time is in decaauts)
 A = Elapsed time spent in this place.
 B = Non-inter-level travel time spent in this place.
 C = Inter-level travel time spent in this place.
 D = Time resting spent in this place.
 E = Time spent auto-exploring this place.
 F = Levels seen in this place.
 G = Mean time per level.
                   A        B        C        D        E       F      G
               +--------+--------+--------+--------+--------+-----+--------+
         Total |  17904 |  15670 |   2234 |   2912 |   7117 |  20 |  895.2 |
       Dungeon |  15432 |  13218 |   2214 |   2469 |   6690 |  15 | 1028.8 |
        Temple |    195 |    175 |     20 |      0 |    164 |   1 |  195.0 |
         Abyss |    613 |    613 |      0 |      2 |    262 |   2 |  306.5 |
         Sewer |   1177 |   1177 |      0 |    319 |      0 |   1 | 1177.0 |
       Ossuary |    485 |    485 |      0 |    121 |      0 |   1 |  485.0 |
               +--------+--------+--------+--------+--------+-----+--------+

Top non-repeatable levels by time:
    D:10: 1909 daAuts
     D:5: 1302 daAuts
    D:13: 1228 daAuts
   Sewer: 1177 daAuts
    D:14: 1158 daAuts
    D:12: 1103 daAuts
     D:7: 1100 daAuts
     D:9: 1067 daAuts
     D:8: 1049 daAuts
     D:6: 988 daAuts
     D:3: 938 daAuts
     D:4: 934 daAuts
    D:11: 874 daAuts
     D:2: 854 daAuts
     D:1: 832 daAuts
